 Seeded DCSS version 0.31-a0-640-g39d97e502b (webtiles) character file.

Game seed: 3877469281160814777 (custom seed)

8782 Mickster the Severer (level 11, -8/99 HPs)
             Began as a Hill Orc Berserker on Aug 28, 2023.
             Was an Elder of Trog.
             Mangled by a vampire (13 damage)
             ... on level 10 of the Dungeon on Aug 29, 2023.
             The game lasted 00:50:29 (8335 turns).

Mickster the Severer (Hill Orc Berserker)           Turns: 8335, Time: 00:50:30

Health: -8/99      AC: 10    Str: 25    XL:     11   Next: 36%
Magic:  11/11      EV:  6    Int:  7    God:    Trog [****..]
Gold:   193        SH:  0    Dex: 10    Spells: 10/10 levels left

rFire   + . .        K - +3 battleaxe (venom)
rCold   + . .        (shield currently unavailable)
rNeg    + . .        u - +0 gold dragon scales
rPois   +            e - +0 helmet
rElec   .            (no cloak)
rCorr   .            k - +1 pair of gloves of Hepliaklqana's Delight {Harm Stlth+}
SInv    +            w - +0 pair of boots
Will    .....        p - amulet of the acrobat Stlth
                     g - ring of positive energy
HPRegen 0.36/turn    O - ring of see invisible
MPRegen 0.12/turn

%: harm (+30% outgoing, +20% incoming), acrobat
@: corroded, on berserk cooldown, slowed, very slow
A: no striking features
a: Renounce Religion, Berserk, Trog's Hand, Brothers in Arms


You were on level 10 of the Dungeon.
You worshipped Trog.
Trog was greatly pleased with you.
You visited 1 branch of the dungeon, and saw 10 of its levels.

You collected 661 gold pieces.
You spent 468 gold pieces at shops.

Inventory:

Hand Weapons
 j - a +2 hand axe of distortion
 s - a +2 heavy flail
 D - a +2 heavy falchion
 E - a +2 vampiric spear
 J - a +7 trident of freezing
 K - a +3 battleaxe of venom (weapon)
 L - a +1 falchion of freezing
Missiles
 a - a throwing net
 C - 8 boomerangs
 G - 27 poisoned darts (quivered)
 M - 2 javelins
Armour
 e - a +0 helmet (worn)
 k - the +1 pair of gloves of Hepliaklqana's Delight (worn) {Harm Stlth+}
   (You bought it in a shop on level 8 of the Dungeon)

   Harm:      It increases damage dealt and taken.
   Stlth+:    It makes you more stealthy.
 o - a +0 scale mail
 u - +0 gold dragon scales (worn)
 w - a +0 pair of boots (worn)
 F - a +0 buckler
Jewellery
 g - a ring of positive energy (left hand)
 p - an amulet of the acrobat (around neck)
 O - a ring of see invisible (right hand)
 Q - an amulet of magic regeneration
Wands
 f - a wand of quicksilver (18)
 q - a wand of flame (2)
 v - a wand of paralysis (10)
Scrolls
 b - a scroll of blinking {unknown}
 m - 3 scrolls of butterflies
 I - 2 scrolls of teleportation
 N - a scroll of enchant armour
 P - a scroll of identify
Potions
 c - a potion of lignification {unknown}
 h - 2 potions of might {unknown}
 i - a potion of invisibility {unknown}
 l - 3 potions of attraction
 n - 2 potions of heal wounds
 r - a potion of haste {unknown}
 t - 4 potions of magic
 x - a potion of berserk rage {unknown}
 z - 2 potions of brilliance {unknown}
 A - a potion of cancellation
 B - 2 potions of degeneration {unknown}
 H - 2 potions of curing {unknown}
 R - a potion of mutation


   Skills:
 + Level 9.8 Fighting
 * Level 16.4 Axes
 - Level 0.5(9.0) Polearms
 + Level 9.4 Armour
 + Level 3.1 Dodging
 + Level 0.2 Stealth
 + Level 2.6 Shields


You had 10 spell levels left.
You didn't know any spells.
Your spell library was empty.

Dungeon Overview and Level Annotations

Branches:
Dungeon (10/15)            Temple (0/1) D:5            Lair (0/5) D:8
    Orc (0/2) D:10

Altars:
Cheibriados
Gozag
Hepliaklqana
Kikubaaqudgha
Makhleb
Trog
Uskayaw
Vehumet
Wu Jian
Yredelemnul
The Shining One

Shops:
D:2 !   D:8 ?[   D:10 [(

Portals:
Bailey: D:10

Annotations:
D:9 2 transporters


Message History

You hit the vampire but do no damage.
The vampire is severely damaged.
The vampire hits you.
* * * LOW HITPOINT WARNING * * *
The vampire bites you.
* * * LOW HITPOINT WARNING * * *
The goblin hits you but does no damage.
The vampire hits you but does no damage.
The vampire closely misses you.
You hit the vampire but do no damage.
The vampire is severely damaged.
The goblin barely misses you.
The vampire hits you but does no damage.
The vampire bites you.
* * * LOW HITPOINT WARNING * * *
The vampire draws strength from your injuries!
Your polar bear goes berserk!
The goblin hits you but does no damage. The vampire hits you.
* * * LOW HITPOINT WARNING * * *
The vampire bites you but does no damage.
The goblin hits you from afar with a +0 spear.
* * * LOW HITPOINT WARNING * * *
The vampire hits you.
* * * LOW HITPOINT WARNING * * *
The vampire bites you but does no damage.
The vampire mumbles some strange words.
The vampire flickers and vanishes for a moment.
Your polar bear rages.
Your polar bear bites the goblin!
The goblin dies!
Trog accepts your kill. The vampire closely misses you. The vampire bites you.
* * * LOW HITPOINT WARNING * * *
The vampire draws strength from your injuries!
The vampire gestures at you while chanting.
You resist with some effort.
You hit the vampire.
The vampire is severely damaged.
The vampire hits you!
You die...

#.# .. #.# ...
#.# .... #.#
?/..####.#
.......>.#
...$..(..#
.......hV########
....###)@........
... #.#.......: .
#..)≈≈~≈≈.. #.#
#.#.≈.>.≈.. #.#
#.).).∩.~.. #.#
#.#.≈...≈.. # #.#
##.#.≈≈~≈≈..
####.##
######..#........
......#
#.......####.....


You could see a vampire (invisible) and a friendly polar bear (summoned,
berserk).

Vanquished Creatures
  A two-headed ogre (D:10)
  A manticore (D:8)
  2 hornets
  A shadow (D:8)
  A wyvern (D:9)
  10 yaks (D:8)
  A wraith (D:10)
  4 acid dragons
  2 orc warriors (D:9)
  3 ice beasts
  3 sky beasts
  5 ogres
  3 centaurs
  3 kobold brigands
  5 bullfrogs
  3 gnoll sergeants
  A scorpion (D:4)
  5 wights (D:8)
  2 howler monkeys
  8 hounds
  A jelly (D:7)
  3 gnoll boudas
  6 orc priests
  2 sleepcaps (D:6)
  An iguana (D:4)
  6 orc wizards
  29 gnolls
  4 adders
  A shadow imp (D:8)
  A white imp (D:7)
  An ufetubus (D:5)
  3 worms
  A dart slug (D:5)
  22 orcs
  13 ball pythons
  7 bats
  3 endoplasms
  2 giant cockroaches
  13 goblins
  5 hobgoblins
  4 jackals
  17 kobolds
  5 quokkas
  3 rats (D:1)
  A spectral goblin (D:3)
  A butterfly (D:1)
219 creatures vanquished.

Vanquished Creatures (collateral kills)
  Pikel (D:8)
  A steam dragon (D:8)
  A sky beast (D:8)
  An orc warrior (D:10)
  A lemure (D:8)
  A white imp (D:8)
  5 orcs (D:10)
  A goblin (D:10)
12 creatures vanquished.

Vanquished Creatures (others)
  A wizard (D:4)
1 creature vanquished.

Grand Total: 232 creatures vanquished

Notes
Turn   | Place    | Note
-------+----------+-------------------------------------------
     0 | D:1      | Mickster the Hill Orc Berserker began the quest for the
                  | Orb.
     0 | D:1      | Reached XP level 1. HP: 19/19 MP: 1/1
   331 | D:1      | Reached XP level 2. HP: 22/27 MP: 2/2
   889 | D:1      | Reached XP level 3. HP: 33/33 MP: 3/3
  1143 | D:2      | Reached ** piety under Trog
  1197 | D:2      | Reached skill level 5 in Axes
  1465 | D:2      | Reached XP level 4. HP: 34/40 MP: 4/4
  1760 | D:2      | Found Jazoodosch's Distillery.
  1808 | D:2      | Bought a potion of heal wounds for 70 gold pieces
  1995 | D:3      | Found a hazy altar of Hepliaklqana.
  2367 | D:4      | Reached XP level 5. HP: 47/47 MP: 5/5
  2436 | D:4      | Noticed a sky beast
  2443 | D:4      | Killed a sky beast
  2444 | D:4      | Reached skill level 6 in Axes
  2446 | D:4      | Reached skill level 5 in Fighting
  2446 | D:4      | Reached XP level 6. HP: 56/56 MP: 6/6
  2533 | D:4      | Reached skill level 7 in Axes
  2727 | D:4      | Found a bloodstained altar of Trog.
  2730 | D:4      | Noticed a wizard
  2736 | D:4      | Killed a wizard
  2762 | D:4      | Reached XP level 7. HP: 61/61 MP: 7/7
  3031 | D:5      | Entered Level 5 of the Dungeon
  3077 | D:5      | Reached *** piety under Trog
  3078 | D:5      | Reached skill level 8 in Axes
  3346 | D:5      | Reached XP level 8. HP: 22/70 MP: 8/8
  3351 | D:5      | Reached skill level 9 in Axes
  3824 | D:5      | Found a staircase to the Ecumenical Temple.
  3912 | D:5      | Found a burning altar of Makhleb.
  4035 | D:6      | Reached skill level 5 in Armour
  4194 | D:6      | Identified the +1 ring mail "Daol" {Drain Dex+6 SInv}
  4327 | D:6      | Reached skill level 10 in Axes
  5240 | D:7      | Reached XP level 9. HP: 79/79 MP: 9/9
  5380 | D:7      | Reached skill level 11 in Axes
  5470 | D:7      | Identified the +0 scale mail "Gaat" {Rampage Str+4 Dex+3}
  5741 | D:7      | Found a hide-covered altar of Uskayaw.
  6020 | D:8      | Noticed a manticore
  6026 | D:8      | Reached skill level 12 in Axes
  6038 | D:8      | Killed a manticore
  6039 | D:8      | Reached skill level 13 in Axes
  6042 | D:8      | HP: 6/121 [wight/+0 halberd (12)]
  6044 | D:8      | Reached **** piety under Trog
  6091 | D:8      | Noticed a hornet
  6102 | D:8      | Reached XP level 10. HP: 21/88 MP: 10/10
  6107 | D:8      | Found a staircase to the Lair.
  6452 | D:8      | Reached skill level 1 in Shields
  6518 | D:8      | Reached skill level 14 in Axes
  6556 | D:8      | Noticed a cyclops
  6560 | D:8      | Banished a cyclops
  6794 | D:8      | Noticed Pikel
  6803 | D:8      | Killed Pikel
  6804 | D:8      | Reached skill level 15 in Axes
  6899 | D:8      | Reached XP level 11. HP: 97/97 MP: 11/11
  6949 | D:8      | Found Uqucvocs's Magic Scroll Boutique.
  6958 | D:8      | Bought a scroll of brand weapon for 104 gold pieces
  6958 | D:8      | Bought a scroll of enchant armour for 82 gold pieces
  7005 | D:8      | Found Iginuiss's Armour Shoppe.
  7025 | D:8      | Bought the +1 pair of gloves of Hepliaklqana's Delight
                  | {Harm Stlth+} for 212 gold pieces
  7171 | D:9      | Found an ornate altar of the Wu Jian Council.
  7247 | D:9      | Reached skill level 16 in Axes
  7664 | D:9      | Found a transporter.
  7671 | D:9      | Noticed an orc sorcerer
  7672 | D:9      | Noticed a deep elf knight
  7685 | D:9      | Found a transporter.
  7889 | D:9      | Found an opulent altar of Gozag.
  8017 | D:10     | Entered Level 10 of the Dungeon
  8118 | D:10     | Found a radiant altar of Vehumet.
  8118 | D:10     | Noticed a two-headed ogre
  8119 | D:10     | Found an ancient bone altar of Kikubaaqudgha.
  8124 | D:10     | Killed a two-headed ogre
  8125 | D:10     | Found a glowing golden altar of the Shining One.
  8169 | D:10     | Found a basalt altar of Yredelemnul.
  8169 | D:10     | Found a snail-covered altar of Cheibriados.
  8178 | D:10     | Found Suse's Armour Boutique.
  8178 | D:10     | Found a staircase to the Orcish Mines.
  8190 | D:10     | Found Rahoku Poly's Weapon Boutique.
  8289 | D:10     | Found a flagged portal.
  8333 | D:10     | HP: 4/99 [vampire (3)]
  8335 | D:10     | Mangled by a vampire

Illustrated notes

Levels and vault maps discovered:
D:1:      spicycebolla_arrival_clurvy, layout_basic
D:2:      kb_forest_paths, layout_rooms, serial_shops, shop
D:3:      cheibrodos_helix_gallery, layout_basic,
          nicolae_ru_the_path_less_chosen,
          nicolae_hepliaklqana_monster_ancestors, serial_shops,
          nicolae_shop_temple_entry_statues_fountains
D:4:      layout_rooms, trog_wizard, serial_corexii_hall,
          chequers_hall_statues_corner_a, corexii_hall_statues_x,
          minmay_misc_feat_plants
D:5:      layout_rooms, bloody_makhleb, minmay_temple_entry_antechambers,
          nicolae_eternal_life
D:6:      layout_basic
D:7:      layout_loops_ring, mainiacjoe_overflow_alcove_2, amethyst_killhole,
          serial_bayou_pond_a
D:8:      hangedman_cross_stitches, layout_cave_pools, dpeg_oklobed_lair,
          serial_gnoll_camp, gnoll_camp_mini_basic, gnoll_camp_mini_basic,
          gnoll_camp_mini_loothouse, gnoll_camp_mini_hut, gnoll_camp_mini_shop,
          serial_shops, kennysheep_mini_moat, uniq_pikel
D:9:      gammafunk_wand_slinger, layout_cave_pools,
          nicolae_wu_jian_wuxing_cycle, old_standard_altar
D:10:     layout_basic, grunt_temple_overflow_open,
          gammafunk_temple_overflow_wave, orc_david_3, enter_bailey_5

Skill      XL: |  1  2  3  4  5  6  7  8  9 10 11 |
---------------+----------------------------------+-----
Dodging        | 2 3 |  3.1
Fighting       | 4 5 6 7 9 |  9.8
Axes           | 5 6 7 8 10 13 15 16 | 16.4
Armour         | 3 4 6 7 8 9 |  9.4
Shields        | 2 |  2.6
Polearms       | |  0.5
Stealth        | |  0.2

Action                     |  1- 3 |  4- 6 |  7- 9 | 10-12 || total
---------------------------+-------+-------+-------+-------++-------
  Melee: Hand axe          |   109 |    96 |   184 |   166 ||   555
         Punch             |       |       |     1 |       ||     1
         Battleaxe         |       |       |       |    36 ||    36
  Throw: Dart              |       |       |       |     1 ||     1
 Invoke: Berserk           |     1 |     4 |     3 |     7 ||    15
         Trog's Hand       |       |       |     2 |     1 ||     3
         Brothers in Arms  |       |       |       |     4 ||     4
    Use: Scroll            |     3 |       |     8 |     3 ||    14
         Potion            |       |       |       |     1 ||     1
 Armour: Animal skin       |    37 |     8 |       |       ||    45
         Scale mail        |       |    21 |       |       ||    21
         Gold dragon scale |       |       |   100 |   123 ||   223
  Dodge: Dodged            |    87 |    55 |    51 |   114 ||   307
  Block: Buckler           |       |       |    16 |    19 ||    35

Table legend: (Time is in decaauts)
 A = Elapsed time spent in this place.
 B = Non-inter-level travel time spent in this place.
 C = Inter-level travel time spent in this place.
 D = Time resting spent in this place.
 E = Time spent auto-exploring this place.
 F = Levels seen in this place.
 G = Mean time per level.
                   A        B        C        D        E       F      G
               +--------+--------+--------+--------+--------+-----+--------+
         Total |   8375 |   8087 |    288 |   1336 |   4048 |  10 |  837.5 |
       Dungeon |   8375 |   8087 |    288 |   1336 |   4048 |  10 |  837.5 |
               +--------+--------+--------+--------+--------+-----+--------+

Top non-repeatable levels by time:
     D:6: 1222 daAuts
     D:1: 1140 daAuts
     D:8: 1130 daAuts
     D:5: 958 daAuts
     D:2: 861 daAuts
     D:9: 847 daAuts
     D:7: 782 daAuts
     D:4: 745 daAuts
     D:3: 347 daAuts
    D:10: 339 daAuts
